 Dungeon Crawl Stone Soup version 0.29.1-12-g30fa7ad0bf (webtiles) character file.

Game seed: 7787998601659929577

16913 funkygono the Thaumaturge (level 12, -9/81 HPs)
             Began as a Demonspawn Fire Elementalist on Jan 4, 2023.
             Was a High Priest of Vehumet.
             Mangled by a two-headed ogre simulacrum (12 damage)
             ... on level 12 of the Dungeon on Jan 5, 2023.
             The game lasted 00:25:36 (15049 turns).

funkygono the Thaumaturge (DsFE)                   Turns: 15049, Time: 00:25:37

Health: -9/81      AC:  9    Str:  8    XL:     12   Next: 14%
Magic:  25/27      EV: 13    Int: 23    God:    Vehumet [*****.]
Gold:   401        SH:  0    Dex: 13    Spells: 12/34 levels left

rFire   + . .      SeeInvis .   B - +7 whip (drain)
rCold   + . .      Faith    .   (no shield)
rNeg    . . .      Spirit   .   O - +2 robe {rC+ rF+}
rPois   +          Reflect  .   g - +1 helmet
rElec   .          Harm     .   v - +1 cloak
rCorr   .          Rampage  .   (gloves unavailable)
Will    +....                   s - +0 pair of boots
Stlth   ++........              C - amulet of the acrobat
HPRegen 0.23/turn               p - ring of poison resistance
MPRegen 0.20/turn               r - ring of willpower

@: no status effects
A: ignite blood 1, spiny 2, corrupting presence 1, demonic touch 3
a: Renounce Religion


You were on level 12 of the Dungeon.
You worshipped Vehumet.
Vehumet was extremely pleased with you.
You visited 1 branch of the dungeon, and saw 12 of its levels.

You collected 497 gold pieces.
You spent 96 gold pieces at shops.

Inventory:

Hand Weapons
 h - a +1 whip
 n - a +2 whip of electrocution
 o - a +2 dagger of speed
 w - a +1 whip of venom
 B - a +7 whip of draining (weapon)
 K - a +5 falchion
 M - a +2 whip of electrocution
Armour
 g - a +1 helmet (worn)
 i - a +0 leather armour
 s - a +0 pair of boots (worn)
 v - a +1 cloak (worn)
 N - an orb of mayhem
 O - a +2 robe of resistance (worn)
 R - a +0 troll leather armour
Magical Staves
 q - a staff of death
Jewellery
 p - a ring of poison resistance (left hand)
 r - a ring of willpower (right hand)
 y - a +6 ring of strength
 C - an amulet of the acrobat (around neck)
Wands
 a - a wand of charming (4)
 l - a wand of mindburst (15)
 m - a wand of flame (14)
 D - a wand of digging (14)
 I - a wand of roots (13)
 L - a wand of acid (10)
Scrolls
 d - 3 scrolls of teleportation
 u - a scroll of immolation
 E - 2 scrolls of poison
 J - 2 scrolls of blinking
 P - a scroll of fear
Potions
 c - 2 potions of berserk rage
 e - 4 potions of heal wounds
 f - a potion of resistance
 j - a potion of lignification
 k - 5 potions of flight
 t - 2 potions of attraction
 x - a potion of brilliance
 A - a potion of haste
 F - a potion of mutation
 G - 3 potions of curing
 H - 3 potions of ambrosia
Miscellaneous
 Q - a phantom mirror


   Skills:
 + Level 3.1 Fighting
 + Level 3.6 Maces & Flails
 + Level 3.8 Dodging
 - Level 1.7 Stealth
 + Level 11.5 Spellcasting
 + Level 9.5 Conjurations
 + Level 8.4 Fire Magic
 + Level 6.0 Earth Magic


You had 12 spell levels left.
You knew the following spells:

 Your Spells              Type           Power      Damage    Failure   Level
a - Foxfire               Conj/Fire      100%       2x1d9     1%          1
b - Scorch                Fire           100%       2d10      1%          2
c - Conjure Flame         Conj/Fire      53%        6-21      1%          3
d - Flame Wave            Conj/Fire      53%        2d13      1%          4
e - Stone Arrow           Conj/Erth      98%        3d13      1%          3
f - Iskenderun's Mystic   Conj/Tloc      35%        2d8       1%          4
g - Lee's Rapid Deconstr  Erth           20%        3d13*     3%          5

Your spell library contained the following spells:

 Spells                   Type           Power      Damage    Failure   Level
 Yara's Violent Unravell  Hex/Tmut       6%         3d5       32%         5
 Sandblast                Erth           82%        2d17      1%          1
 Passwall                 Tmut/Erth      22%        N/A       1%          2
 Inner Flame              Hex/Fire       32%        N/A       1%          3
 Apportation              Tloc           26%        N/A       4%          1
 Sublimation of Blood     Necr           13%        N/A       8%          2
 Wereblood                Tmut           13%        N/A       8%          2
 Portal Projectile        Hex/Tloc       26%        N/A       14%         3
 Tukima's Dance           Hex            13%        N/A       14%         3
 Corpse Rot               Necr/Pois/Air  13%        N/A       43%         4
 Dispel Undead            Necr           13%        3d9       43%         4
 Alistair's Intoxication  Tmut/Pois      8%         N/A       80%         5
 Blade Hands              Tmut           6%         N/A       80%         5
 Death Channel            Necr           6%         N/A       100%        6
 Summon Hydra             Summ           6%         N/A       100%        7


Dungeon Overview and Level Annotations

Branches:
Dungeon (12/15)            Temple (0/1) D:4            Lair (0/5) D:8
    Orc (0/2) D:12

Altars:
Ashenzari
Fedhas
Hepliaklqana
Sif Muna
Trog
Uskayaw
Vehumet

Shops:
D:5 !   D:10 =   D:11 ?

Portals:
Ice
Cave: D:12


Innate Abilities, Weirdness & Mutations

Your demonic aura sometimes causes spilled blood to erupt in flames.
You are mostly covered in sharp spines.
Your presence sometimes corrodes those you injure.
Your touch may irresistibly damage your foes and sap their willpower.


Message History

You closely miss the spriggan simulacrum.
The spriggan simulacrum hits you. The spriggan simulacrum freezes you!
You resist.
You hit the spriggan simulacrum.
The spriggan simulacrum is lightly damaged.
You whack the spriggan simulacrum!
The spriggan simulacrum is heavily damaged.
The spriggan simulacrum is struck by your spines.
The spriggan simulacrum completely misses you.
You hit the spriggan simulacrum.
The spriggan simulacrum vaporises!
Vehumet accepts your kill.
You hit the two-headed ogre simulacrum.
The two-headed ogre simulacrum is lightly damaged.
Casting: Foxfire (safe; 1% risk of failure)
Confirm with . or Enter, or press ? or * to list all spells.
Flames lash the two-headed ogre simulacrum.
The two-headed ogre simulacrum is lightly damaged.
The two-headed ogre simulacrum's fire resistance burns away.
The two-headed ogre simulacrum is struck by your spines.
The two-headed ogre simulacrum hits you.
The two-headed ogre simulacrum freezes you!
You resist.
* * * LOW HITPOINT WARNING * * *
The two-headed ogre simulacrum hits you.
* * * LOW HITPOINT WARNING * * *
The two-headed ogre simulacrum freezes you!
You resist.
* * * LOW HITPOINT WARNING * * *
You hit the two-headed ogre simulacrum.
The two-headed ogre simulacrum is heavily damaged.
You hit the two-headed ogre simulacrum.
The two-headed ogre simulacrum is severely damaged.
The two-headed ogre simulacrum is no longer more vulnerable to fire.
The two-headed ogre simulacrum misses you.
The two-headed ogre simulacrum hits you.
* * * LOW HITPOINT WARNING * * *
The two-headed ogre simulacrum freezes you!
You resist.
You die...

***,,** #.....#
#.....**
#..∩..,**********###
#....,,,,,,,,,,,,,..
*....,************#$
*,..#** #. **#Z# #.
#@###############.
#................>
#.....>...........
#.................
#.................
#.................
#.................
#.................
#.................


You could see a two-headed ogre simulacrum.

Vanquished Creatures
  A hydra (D:11)
  4 two-headed ogres
  3 cyclopes
  3 unseen horrors (D:11)
  8 slime creatures
  3 trolls
  A shadow (D:11)
  A wraith (D:9)
  2 wyverns
  26 yaks
  3 acid dragons
  A water moccasin (D:8)
  6 black bears
  3 ice beasts
  4 orc warriors
  2 ogres
  6 centaurs
  7 bullfrogs
  2 two-headed ogre simulacra (D:12)
  3 necrophages
  3 gnoll sergeants (D:5)
  4 scorpions
  12 wights
  3 killer bees (D:11)
  2 howler monkeys (D:8)
  7 hounds
  2 jellies (D:4)
  3 orc priests
  4 iguanas
  3 gnoll boudas
  Terence (D:3)
  4 orc wizards
  4 spriggan simulacra (D:12)
  5 adders
  29 gnolls
  A naga simulacrum (D:12)
  A shadow imp (D:6)
  4 white imps
  2 ufetubi
  A worm (D:3)
  4 dart slugs
  16 orcs
  12 ball pythons
  11 endoplasms
  5 giant cockroaches
  7 goblins
  8 hobgoblins
  4 jackals (D:2)
  2 quokkas (D:1)
  4 bats
  A frilled lizard (D:1)
  15 kobolds
  6 rats
279 creatures vanquished.

Vanquished Creatures (collateral kills)
  2 foxfires (D:8)
2 creatures vanquished.

Vanquished Creatures (others)
  703 foxfires
  12 fungi
  17 plants (D:8)
  11 toadstools (D:4)
743 creatures vanquished.

Grand Total: 1024 creatures vanquished

Notes
Turn   | Place    | Note
-------+----------+-------------------------------------------
     0 | D:1      | funkygono the Demonspawn Fire Elementalist began the quest
                  | for the Orb.
     0 | D:1      | Reached XP level 1. HP: 13/13 MP: 3/3
   188 | D:1      | Gained mutation: Your touch may inflict minor irresistible
                  | damage on your foes. [demonic ancestry]
   188 | D:1      | Reached XP level 2. HP: 19/19 MP: 0/5
   191 | D:1      | Learned a level 2 spell: Scorch
  1006 | D:1      | Found a faded altar of an unknown god.
  1238 | D:1      | Reached XP level 3. HP: 12/24 MP: 1/6
  1242 | D:1      | Learned a level 3 spell: Conjure Flame
  2354 | D:3      | Reached XP level 4. HP: 26/30 MP: 1/7
  2788 | D:3      | Noticed Terence
  2792 | D:3      | Killed Terence
  2793 | D:3      | Reached skill level 3 in Spellcasting
  3680 | D:3      | Gained mutation: Your touch may inflict irresistible damage
                  | on your foes. [demonic ancestry]
  3680 | D:3      | Reached XP level 5. HP: 35/35 MP: 5/9
  3862 | D:3      | Learned a level 4 spell: Flame Wave
  4038 | D:4      | Found a radiant altar of Vehumet.
  4046 | D:4      | Became a worshipper of Vehumet
  4077 | D:4      | Noticed an ogre
  4083 | D:4      | Killed an ogre
  4223 | D:4      | Found a staircase to the Ecumenical Temple.
  4603 | D:4      | Reached XP level 6. HP: 41/41 MP: 7/11
  5721 | D:5      | Entered Level 5 of the Dungeon
  5731 | D:5      | Reached skill level 4 in Spellcasting
  5847 | D:5      | Reached * piety under Vehumet
  5847 | D:5      | Offered knowledge of Magic Dart by Vehumet.
  5848 | D:5      | Gained mutation: Your touch may irresistibly damage your
                  | foes and sap their willpower. [demonic ancestry]
  5848 | D:5      | Reached XP level 7. HP: 41/46 MP: 2/14
  6027 | D:5      | Reached skill level 5 in Spellcasting
  6152 | D:5      | Reached skill level 5 in Fire Magic
  6362 | D:5      | Noticed a two-headed ogre
  6368 | D:5      | Killed a two-headed ogre
  6369 | D:5      | Reached skill level 1 in Fighting
  6369 | D:5      | Reached skill level 1 in Maces & Flails
  6369 | D:5      | Reached skill level 6 in Spellcasting
  6369 | D:5      | Gained mutation: Your demonic aura sometimes causes spilled
                  | blood to erupt in flames. [demonic ancestry]
  6369 | D:5      | Reached XP level 8. HP: 54/54 MP: 2/17
  6522 | D:5      | Reached skill level 5 in Conjurations
  6524 | D:5      | Offered knowledge of Freeze by Vehumet.
  6828 | D:5      | Reached ** piety under Vehumet
  6866 | D:5      | Found Feann's Distillery.
  7040 | D:5      | Reached skill level 7 in Spellcasting
  7286 | D:5      | Learned a level 3 spell: Stone Arrow
  7321 | D:6      | Gained mutation: You are partially covered in sharp spines.
                  | [demonic ancestry]
  7321 | D:6      | Reached XP level 9. HP: 59/59 MP: 10/19
  7612 | D:6      | Found a shimmering blue altar of Sif Muna.
  7612 | D:6      | Found a blossoming altar of Fedhas.
  8341 | D:7      | Reached skill level 8 in Spellcasting
  8478 | D:7      | Reached skill level 1 in Earth Magic
  8753 | D:7      | Offered knowledge of Mephitic Cloud by Vehumet.
  9137 | D:7      | Reached *** piety under Vehumet
  9301 | D:7      | Gained mutation: You are mostly covered in sharp spines.
                  | [demonic ancestry]
  9301 | D:7      | Reached XP level 10. HP: 66/66 MP: 14/22
  9716 | D:8      | Reached skill level 9 in Spellcasting
  9981 | D:8      | Found a hazy altar of Hepliaklqana.
  9984 | D:8      | Found a broken altar of Ashenzari.
 10265 | D:8      | Found a staircase to the Lair.
 10592 | D:8      | Identified the +9 rapier of Grace {protect, Str+4}
 10730 | D:8      | Offered knowledge of Iskenderun's Mystic Blast by Vehumet.
 10791 | D:8      | Learned a level 4 spell: Iskenderun's Mystic Blast
 10941 | D:9      | Found a hide-covered altar of Uskayaw.
 11437 | D:9      | Noticed a cyclops
 11451 | D:9      | Killed a cyclops
 11685 | D:9      | Reached skill level 10 in Spellcasting
 11693 | D:9      | Reached **** piety under Vehumet
 12192 | D:10     | Entered Level 10 of the Dungeon
 12229 | D:10     | Reached XP level 11. HP: 72/72 MP: 19/25
 12362 | D:10     | Found a bloodstained altar of Trog.
 12417 | D:10     | Offered knowledge of Lee's Rapid Deconstruction by Vehumet.
 12569 | D:10     | Reached skill level 5 in Earth Magic
 12672 | D:10     | Found Purrirre's Jewellery Boutique.
 13153 | D:10     | Learned a level 5 spell: Lee's Rapid Deconstruction
 13173 | D:11     | Noticed a two-headed ogre
 13173 | D:11     | Found Sippiut's Magic Scroll Emporium.
 13195 | D:11     | Killed a two-headed ogre
 13222 | D:11     | Noticed a five-headed hydra
 13228 | D:11     | Killed a five-headed hydra
 13457 | D:11     | Noticed a two-headed ogre
 13467 | D:11     | Killed a two-headed ogre
 13468 | D:11     | Reached skill level 11 in Spellcasting
 13785 | D:11     | Reached ***** piety under Vehumet
 13785 | D:11     | Offered knowledge of Yara's Violent Unravelling by Vehumet.
 13959 | D:11     | Noticed a two-headed ogre
 13966 | D:11     | Bought 2 scrolls of identify for 48 gold pieces
 13966 | D:11     | Bought a scroll of identify for 24 gold pieces
 13966 | D:11     | Bought a scroll of identify for 24 gold pieces
 14440 | D:11     | Killed a two-headed ogre
 14665 | D:12     | Gained mutation: Your presence sometimes corrodes those you
                  | injure. [demonic ancestry]
 14665 | D:12     | Reached XP level 12. HP: 27/81 MP: 6/27
 15018 | D:12     | Found a frozen archway.
 15047 | D:12     | HP: 4/81 [two-headed ogre simulacrum (14)]
 15049 | D:12     | Mangled by a two-headed ogre simulacrum

Illustrated notes

Levels and vault maps discovered:
D:1:      co_arrival_random_square_maze, layout_basic, basic_ecumenical_altar,
          minmay_statues_item
D:2:      layout_loops_ring
D:3:      layout_basic, hangedman_abyss_or_decor_stabs, minmay_misc_feat_square,
          uniq_terence
D:4:      cheibrodos_fertilizer, layout_layer_cave, old_standard_altar,
          minmay_temple_entry_grid
D:5:      layout_cave_pools, serial_gnoll_camp, gnoll_camp_mini_hut,
          gnoll_camp_mini_sergeant, gnoll_camp_mini_house,
          gnoll_camp_mini_basic, gnoll_camp_mini_shop
D:6:      layout_basic, mainiacjoe_overflow_large_starburst
D:7:      layout_basic
D:8:      layout_loops_ring, mainiacjoe_overflow_big_doors,
          grunt_lair_entry_orc_guard_hut
D:9:      layout_irregular_city, nicolae_uskayaw_suspiria, nicolae_eternal_life,
          st_stairs_2
D:10:     layout_long_grid, lemuel_crystal_altar, serial_shops,
          nicolae_shop_advertising_works [nicolae_subvault_shop_adworks]
D:11:     layout_basic, serial_shops, nicolae_shop_waterfront
D:12:     nzn_winding_woodlands_small
          [nzn_winding_woodlands_5x15_river_crossing,
          nzn_winding_woodlands_center_triple_pond,
          nzn_winding_woodlands_5x15_sidewinder], layout_long_grid,
          portal_ice_cave_entry_ice_simulacra, minmay_misc_feat_doors

Skill      XL: |  1  2  3  4  5  6  7  8  9 10 11 12 |
---------------+-------------------------------------+-----
Fire Magic     | 3 4 5 6 7 8 |  8.4
Conjurations   | 2 3 4 5 6 8 9 |  9.5
Spellcasting   | 3 4 6 7 8 10 11 | 11.5
Dodging        | 2 3 |  3.8
Fighting       | 1 3 |  3.1
Maces & Flails | 1 2 3 |  3.6
Earth Magic    | 3 4 5 6 |  6.0
Stealth        | |  1.7

Action                   |  1- 3 |  4- 6 |  7- 9 | 10-12 || total
-------------------------+-------+-------+-------+-------++-------
Melee: Whip              |     5 |     2 |    16 |    75 ||    98
       Touch             |     3 |     1 |     1 |     9 ||    14
       Short sword       |     1 |       |       |       ||     1
       Punch             |       |       |       |     1 ||     1
 Cast: Foxfire           |    90 |    95 |   132 |   101 ||   418
       Scorch            |     2 |    13 |    13 |     6 ||    34
       Stone Arrow       |       |       |    46 |    80 ||   126
       Flame Wave        |       |       |     7 |    10 ||    17
       Lee's Rapid Decon |       |       |       |     1 ||     1
  Use: Scroll            |       |    11 |     7 |    11 ||    29
       Potion            |       |       |     1 |     2 ||     3
Armor: Robe              |     3 |     8 |    17 |    31 ||    59
Dodge: Dodged            |     6 |    15 |    32 |    73 ||   126
